 Dungeon Crawl Stone Soup version 0.17.0-28-g6e173f8 (webtiles) character file.

5989 4thArraOfDagon the Grappler (level 10, -4/86 HPs)
             Began as a Minotaur Monk on Nov 26, 2015.
             Was a Priest of Cheibriados.
             Killed from afar by a salamander stormcaller (48 damage)
             ... with a great blast of fire
             ... on level 13 of the Dungeon.
             The game lasted 00:15:18 (2368 turns).

4thArraOfDagon the Grappler (Minotaur Monk)         Turns: 2368, Time: 00:15:18

Health: -4/86      AC: 14    Str: 25    XL:     10   Next: 55%
Magic:  12/12      EV: 16    Int: 18    God:    Cheibriados [***...]
Gold:   37         SH:  0    Dex: 20    Spells: 2 memorised, 8 levels left

rFire  . . .     SeeInvis .     w - +0 blowgun
rCold  + . .     Rnd*Rage +     g - +4 scale mail {rC+}
rNeg   . . .     SustAt   .     (no shield)
rPois  +         Gourm    .     (helmet restricted)
rElec  +         Spirit   .     u - +2 cloak {rPois}
rCorr  .         Warding  .     (no gloves)
rMut   .         Stasis   .     i - +0 pair of boots
MR     .....                    (no amulet)
Stlth  +.........               (no ring)
                                j - ring of flight

@: very slow, not resistant to hostile enchantments, very unstealthy
A: retaliatory headbutt, horns 2, talons 1, berserk 1, electricity resistance
a: Bend Time, Temporal Distortion, Renounce Religion, Evoke Flight


You were on level 13 of the Dungeon.
You worshipped Cheibriados.
Cheibriados was most pleased with you.
You were not hungry.

You visited 2 branches of the dungeon, and saw 15 of its levels.
You visited 1 bazaar.

You collected 363 gold pieces.
You spent 326 gold pieces at shops.

Inventory:

Hand Weapons
 f - the +3 spear of Greatest Utility {pierce, rF+}
   (You found it on level 6 of the Dungeon)

   It inflicts extra damage upon your enemies.
   It protects you from fire.
 w - a +0 blowgun (weapon)
Missiles
 v - 2 curare-tipped needles (quivered)
Armour
 g - a +4 scale mail of cold resistance (worn)
 i - a +0 pair of boots (worn)
 u - a +2 cloak of poison resistance (worn)
Jewellery
 j - a ring of flight (left hand)
Wands
 h - a wand of draining (7)
Scrolls
 d - a scroll of blinking
 k - a scroll of fear
 y - a scroll of identify
Potions
 a - 2 potions of might
 e - a potion of magic
 m - 2 potions of resistance
 o - a potion of haste
 r - a potion of agility
 s - a potion of invisibility
 t - a potion of brilliance
 x - a potion of heal wounds
Books
 n - a book of Ice

   Spells                             Type                      Level
   a - Ice Form                       Ice/Transmutation            4
   b - Metabolic Englaciation         Hexes/Ice                    5
   c - Ozocubu's Refrigeration        Ice                          6
   d - Bolt of Cold                   Conjuration/Ice              6
   e - Freezing Cloud                 Conjuration/Ice/Air          6
   f - Simulacrum                     Ice/Necromancy               6
 p - a book of Cantrips

   Spells                             Type                      Level
   a - Corona                         Hexes                        1
   b - Animate Skeleton               Necromancy                   1
   c - Summon Small Mammal            Summoning                    1
   d - Apportation                    Translocation                1
Miscellaneous
 c - a phial of floods
Comestibles
 b - 6 bread rations
 q - 7 chunks of flesh


   Skills:
 - Level 7.6 Fighting
 + Level 7.3 Dodging
 - Level 1.5 Stealth
 * Level 10.4 Unarmed Combat
 + Level 2.3 Spellcasting
 - Level 3.2 Translocations
 * Level 4.2 Transmutations
 * Level 3.9 Ice Magic
 + Level 3.8 Invocations
 + Level 1.1 Evocations


You had 8 spell levels left.
You knew the following spells:

 Your Spells              Type           Power        Failure   Level  Hunger
a - Apportation           Tloc           ##........   14%         1    #......
b - Ice Form              Ice/Trmt       ###.....     82%         4    #####..


Dungeon Overview and Level Annotations

Branches:
Dungeon (14/15)              Lair (0/8) D:8             Orc (1/4) D:10
 Vaults (0/5) D:14
 Temple: D:4-7

Altars:
Cheibriados
Zin

Shops:
D:8 *   D:10 [(

Annotations:
D:9 Joseph
D:13 exclusion: downstairs
D:14 Rupert
Orc:1 AAAAA's ghost, journeyman HuFi


Innate Abilities, Weirdness & Mutations

You reflexively headbutt those who attack you in melee.
You have a pair of horns on your head.
You have sharp toenails.
You tend to lose your temper in combat.
You are resistant to electric shocks.


Message History

You shoot a curare-tipped needle.
The curare-tipped needle barely misses the salamander stormcaller.
The salamander stormcaller begins to chant a fire storm spell!
Unknown command.
Unknown command.
Firing (i - inventory):
v - 3 curare-tipped needles (quivered)
Press: ? - help, Shift-Dir - straight line, f/p - salamander stormcaller
Aim: a salamander stormcaller, wielding a trident (chanting fire storm)
You shoot a curare-tipped needle.
The curare-tipped needle hits the salamander stormcaller.
The salamander stormcaller is poisoned.
The salamander stormcaller convulses.
The salamander stormcaller seems to slow down.
The salamander stormcaller is lightly wounded.
Unknown command.
Unknown command.
Unknown command.
The salamander stormcaller casts a spell at you.
A raging storm of fire appears!
The great blast of fire engulfs you!
Ouch! That really hurt!
You die...

######........(.# .........§..
.........#####..#####..N.........
.........# #...................
.........# #................)..
....###..# ##..N....###########.
....# #..# #..................#.
....# #.......##'####........###.
....# #......##)8.##.........#...
...(# #+##..##..@##..#######+#...
###N#......##...##...............
§.........##...##................
.........++.8.++....#########....
..........##.. ##... #....
.######....##. ##.. #..## ..#
...) #..# .... ..# #..# #+##. .#
#..#


You could see a salamander stormcaller.

Vanquished Creatures
  Sonja (D:11)
  A hill giant (D:12)
  Pikel (D:8)
  A cyclops (D:13)
  A manticore (D:13)
  An ugly thing (D:11)
  A kobold demonologist (D:11)
  The ghost of 4thArraOfDagon the Ruffian, an amateur MiMo of Cheibriados (D:7)
  A troll (D:13)
  4 yaks (D:11)
  2 slaves (D:8)
  An ice beast (D:8)
  A sky beast (D:7)
  The ghost of 4thArraOfDagon the Ruffian, an amateur MiMo (D:6)
  3 ogres
  An eye of draining (D:11)
  3 orc warriors
  2 centaurs
  A big kobold (D:11)
  A giant frog (D:9)
  A scorpion (D:8)
  3 killer bees (D:11)
  2 crimson imps
  A giant frog zombie (D:13)
  A wasp zombie (D:8)
  5 hounds
  3 orc wizards
  5 orc priests
  6 worker ants
  A mummy (D:5)
  3 adders
  2 shadow imps (D:5)
  An ooze (D:4)
  An adder zombie (D:5)
  2 worms
  An adder skeleton (D:8)
  18 orcs
  2 bats (D:2)
  A giant cockroach (D:2)
  2 hobgoblins (D:2)
  A giant gecko zombie (D:7)
  A jackal zombie (D:6)
  2 kobolds (D:11)
  A quokka zombie (D:5)
  A rat (D:1)
96 creatures vanquished.

Vanquished Creatures (others)
  A wyvern skeleton (D:8)
  An orc wizard (D:6)
2 creatures vanquished.

Grand Total: 98 creatures vanquished

Notes
Turn   | Place    | Note
--------------------------------------------------------------
     0 | D:1      | 4thArraOfDagon the Minotaur Monk began the quest for the Orb.
     0 | D:1      | Reached XP level 1. HP: 19/19 MP: 0/0
   123 | D:2      | Reached XP level 2. HP: 27/27 MP: 1/1
   175 | D:3      | Reached skill level 5 in Unarmed Combat
   182 | D:5      | Entered Level 5 of the Dungeon
   219 | D:5      | Reached XP level 3. HP: 14/33 MP: 2/2
   270 | D:5      | Found a snail-covered altar of Cheibriados.
   297 | D:5      | Became a worshipper of Cheibriados the Contemplative
   297 | D:5      | Reached * piety under Cheibriados
   297 | D:5      | Reached ** piety under Cheibriados
   319 | D:5      | Reached XP level 4. HP: 26/40 MP: 3/3
   482 | D:6      | Noticed a centaur
   492 | D:6      | Killed a centaur
   492 | D:6      | Reached skill level 6 in Unarmed Combat
   492 | D:6      | Reached XP level 5. HP: 21/47 MP: 4/4
   522 | D:6      | Noticed 4thArraOfDagon's ghost (amateur MiMo)
   569 | D:6      | Noticed an ogre
   578 | D:6      | Killed an ogre
   578 | D:6      | Reached skill level 5 in Fighting
   578 | D:6      | Reached XP level 6. HP: 45/56 MP: 5/5
   580 | D:6      | Noticed an ogre
   586 | D:6      | Killed an ogre
   586 | D:6      | Reached skill level 7 in Unarmed Combat
   597 | D:6      | Got a dazzling spear
   644 | D:6      | Killed 4thArraOfDagon's ghost
   733 | D:7      | Reached skill level 5 in Dodging
   733 | D:7      | Reached XP level 7. HP: 52/62 MP: 6/6
   751 | D:7      | Noticed 4thArraOfDagon's ghost (amateur MiMo)
   760 | D:7      | Killed 4thArraOfDagon's ghost
   760 | D:7      | Reached skill level 8 in Unarmed Combat
   790 | D:7      | Reached *** piety under Cheibriados
   794 | D:7      | Reached XP level 8. HP: 55/71 MP: 7/7
   857 | D:6      | Learned a level 1 spell: Apportation
   862 | D:6      | Learned a level 4 spell: Ice Form
   884 | D:8      | Found a staircase to the Lair.
   885 | D:8      | Found Zin's Purification Station.
   887 | D:8      | Found a glowing silver altar of Zin.
   932 | D:8      | Noticed Pikel
   948 | D:8      | Killed Pikel
   948 | D:8      | Reached skill level 9 in Unarmed Combat
   948 | D:8      | Reached skill level 1 in Translocations
   948 | D:8      | Reached skill level 1 in Transmutations
   948 | D:8      | Reached skill level 1 in Ice Magic
   948 | D:8      | Reached skill level 1 in Invocations
   996 | D:10     | Entered Level 10 of the Dungeon
  1004 | D:10     | Reached skill level 1 in Spellcasting
  1097 | D:9      | Noticed Joseph
  1153 | D:10     | Found Sinin's Armour Shoppe.
  1183 | D:10     | Found a staircase to the Orcish Mines.
  1195 | D:10     | Bought a +1 cloak of poison resistance for 202 gold pieces
  1245 | Orc:1    | Entered Level 1 of the Orcish Mines
  1245 | Orc:1    | Noticed AAAAA's ghost (journeyman HuFi)
  1262 | D:10     | ugh
  1302 | D:10     | no choice
  1331 | D:10     | Found Cuena's Antique Weapon Shoppe.
  1396 | D:11     | Noticed Sonja
  1397 | D:11     | choices...
  1401 | D:11     | Killed Sonja
  1401 | D:11     | Reached XP level 9. HP: 76/79 MP: 8/10
  1557 | D:11     | ugh
  1558 | D:11     | Identified the +3 spear of Greatest Utility {pierce, rF+} (You found it on level 6 of the Dungeon)
  1566 | D:11     | walking simulator v.11
  1748 | D:11     | Reached **** piety under Cheibriados
  1797 | D:12     | Found a gateway to a bazaar.
  1807 | Bazaar   | Entered a bazaar
  1807 | Bazaar   | Found Qiem's Antique Armour Emporium.
  1807 | Bazaar   | Found Jigot's Weapon Emporium.
  1808 | Bazaar   | Found Simil's Distillery.
  1808 | Bazaar   | Found Dorrunaf's Book Shoppe.
  1816 | Bazaar   | at least this
  1820 | Bazaar   | Bought a potion of mutation for 20 gold pieces
  1820 | Bazaar   | Bought a potion of might for 32 gold pieces
  1820 | Bazaar   | Bought a potion of agility for 32 gold pieces
  1820 | Bazaar   | Bought a potion of brilliance for 32 gold pieces
  1820 | Bazaar   | Bought a potion of poison for 8 gold pieces
  1821 | Bazaar   | Gained mutation: You tend to lose your temper in combat. [potion of mutation]
  1821 | Bazaar   | Gained mutation: You have sharp fingernails. [potion of mutation]
  1821 | Bazaar   | Gained mutation: You have sharp toenails. [potion of mutation]
  1862 | D:11     | Noticed a kobold demonologist
  1864 | D:11     | Noticed a brown ugly thing
  1871 | D:11     | Noticed an orange demon
  1872 | D:11     | Killed a kobold demonologist
  1872 | D:11     | Reached XP level 10. HP: 72/86 MP: 5/11
  1874 | D:11     | Killed a brown ugly thing
  1874 | D:11     | Reached skill level 10 in Unarmed Combat
  1880 | D:11     | Lost mutation: You have sharp fingernails. [mutagenic meat]
  1881 | D:11     | Gained mutation: You are resistant to electric shocks. [mutagenic meat]
  1944 | D:12     | Noticed a hill giant
  1958 | D:12     | Killed a hill giant
  2057 | D:13     | Noticed a salamander stormcaller
  2074 | D:13     | HP: 4/86 [burnt (1)]
  2251 | D:14     | Found a gate to the Vaults.
  2251 | D:14     | Noticed a skeletal warrior
  2251 | D:14     | Noticed an orc knight
  2251 | D:14     | Noticed Rupert
  2251 | D:14     | Noticed a cyclops
  2260 | D:13     | Killed a cyclops
  2320 | D:13     | Noticed a manticore
  2325 | D:13     | Killed a manticore
  2325 | D:13     | Reached skill level 1 in Evocations
  2368 | D:13     | Killed from afar by a salamander stormcaller

Action                   |  1- 3 |  4- 6 |  7- 9 | 10-12 || total
-------------------------+-------+-------+-------+-------++-------
Melee: Unarmed           |    30 |    70 |   151 |    42 ||   293
 Fire: Blowgun           |       |       |       |    11 ||    11
Invok: Slouch            |       |       |     1 |     1 ||     2
 Abil: Evoke Flight      |       |       |     1 |       ||     1
Evoke: Wand              |       |       |     7 |       ||     7
  Use: Potion            |     1 |     1 |     2 |     2 ||     6
       Scroll            |       |     6 |    12 |     3 ||    21
 Stab: Sleeping          |       |     1 |       |       ||     1
  Eat: Chunk             |       |       |     1 |     5 ||     6
